 Dungeon Crawl Stone Soup version 0.24-a0-524-gf43b32f (webtiles) character file.

Game seed: 2189248481178482951

225387 Balder the Basher (level 18, -3/142 HPs)
             Began as a Demonspawn Fighter on July 29, 2019.
             Was a High Priest of Trog.
             Killed from afar by a nagaraja (31 damage)
             ... with a poison arrow
             ... on level 4 of the Snake Pit on July 30, 2019.
             The game lasted 05:45:28 (44745 turns).

Balder the Basher (Demonspawn Fighter)             Turns: 44745, Time: 05:45:29

Health: -3/142     AC: 31    Str: 31    XL:     18   Next: 61%
Magic:  0/35       EV: 16    Int:  7    God:    Trog [*****.]
Gold:   1582       SH: 31    Dex: 22    Spells: 17/17 levels left

rFire    + + .     SeeInvis .   a - +6 morningstar (drain)
rCold    + . .     Gourm    .   s - +10 large shield of Ignorance {rN+ Int-4}
rNeg     + . .     Faith    .   M - +5 plate armour of the Trombone {rF+ Int+3}
rPois    .         Spirit   +   F - +1 hat
rElec    +         Reflect  .   R - +4 cloak of Wiahed {*Drain rC+ MP+9 Str+7}
rCorr    .         Harm     .   I - +0 pair of gloves
MR       +++..                  (boots unavailable)
Stlth    ++........             B - amulet of regeneration
HPRegen  1.73/turn              j - +3 ring of slaying
MPRegen  0.48/turn              c - ring "Vaseiq" {Fire rElec Str+4}

@: agile, lethally poisoned (-3 -> -4), poison vulnerable, regenerating,
constricted, studying Dodging
A: fangs 1, hooves 3, slimy green scales 3, cold resistance 1, demonic guardian
3, dopey 1, magic shield, magic regeneration, magic link
}: 1/15 runes: decaying
a: Berserk, Trog's Hand, Brothers in Arms, Renounce Religion


You were on level 4 of the Snake Pit.
You worshipped Trog.
Trog was extremely pleased with you.
You were not hungry.

You visited 7 branches of the dungeon, and saw 33 of its levels.
You visited the Abyss 1 time.
You also visited: Bailey.

You collected 3690 gold pieces.
You spent 2108 gold pieces at shops.

Inventory:

Hand Weapons
 a - a +6 morningstar of draining (weapon)
 b - a +4 fustibalus of freezing
 A - a +10 antimagic quick blade
 L - a +4 flail of venom
 N - a +5 long sword of freezing
 W - a +4 eveningstar of electrocution
Missiles
 l - 15 atropa-tipped darts
 C - 14 curare-tipped darts (quivered)
 U - 43 sling bullets
Armour
 g - +0 acid dragon scales
 s - the +10 large shield of Ignorance (worn) {rN+ Int-4}
   (You took it off a deep elf mage on level 3 of the Elven Halls)

   It affects your intelligence (-4).
   It protects you from negative energy.
 F - a +1 hat (worn)
 I - a +0 pair of gloves (worn)
 K - a scarf of resistance
 M - the +5 plate armour of the Trombone (worn) {rF+ Int+3}
   (You bought it in a shop on level 2 of the Orcish Mines)

   It affects your intelligence (+3).
   It protects you from fire.
 R - the +4 cloak of Wiahed (worn) {*Drain rC+ MP+9 Str+7}
   (You bought it in a shop on level 1 of the Orcish Mines)

   It affects your strength (+7).
   It protects you from cold.
   It affects your magic capacity (+9).
   It causes draining when unequipped.
 Z - a +0 cloak of invisibility
Jewellery
 c - the ring "Vaseiq" (right hand) {Fire rElec Str+4}
   (You acquired it on level 3 of the Abyss)

   [ring of fire]

   It enhances your fire magic.
   It affects your strength (+4).
   It protects you from fire.
   It makes you vulnerable to cold.
   It insulates you from electricity.
 j - a +3 ring of slaying (left hand)
 t - an uncursed ring of resist corrosion
 y - the amulet "Jiprite" {Faith rC+ Dex+4}
   (You found it on level 1 of the Snake Pit)

   [amulet of faith]

   It allows you to gain divine favour quickly.
   It affects your dexterity (+4).
   It protects you from cold.
 B - an amulet of regeneration (around neck)
 H - an uncursed ring of flight
Wands
 i - a wand of random effects (12)
 m - a wand of paralysis (38)
 u - a wand of clouds (2)
 v - a wand of scattershot (3)
 D - a wand of digging (3)
 G - a wand of iceblast (19)
 J - a wand of acid (14)
 O - a wand of flame (16)
 P - a wand of polymorph (19)
 X - a wand of disintegration (6)
Scrolls
 e - 6 scrolls of remove curse
 q - a scroll of teleportation
 x - 2 scrolls of fear
 V - 8 scrolls of identify
Potions
 d - 7 potions of might
 h - a potion of haste
 k - 7 potions of agility
 o - 8 potions of flight
 r - 4 potions of curing
 w - 3 potions of resistance
 E - 5 potions of mutation
 Y - a potion of heal wounds
Books
 S - a manual of Dodging
Miscellaneous
 n - a lightning rod (4/4)
 p - a fan of gales
 z - a lamp of fire
 Q - 2 phantom mirrors
 T - a crystal ball of energy
Comestibles
 f - 24 rations


   Skills:
 * Level 12.8 Fighting
 * Level 7.2 Short Blades
 - Level 0.2(4.4) Long Blades
   Level 0.4(9.7) Axes
 + Level 14.0 Maces & Flails
   Level 4.1(4.2) Polearms
 + Level 2.2(6.4) Slings
 * Level 9.5(9.6) Throwing
 * Level 10.1 Armour
 * Level 11.3 Dodging
 * Level 11.6 Stealth
 + Level 11.5 Shields
 * Level 11.2 Evocations


You had 17 spell levels left.
You didn't know any spells.
Your spell library was empty.

Dungeon Overview and Level Annotations

Branches:
Dungeon (13/15)            Temple (1/1) D:4            Lair (6/6) D:9
  Swamp (4/4) Lair:2        Snake (4/4) Lair:2        Slime (0/5) Lair:6
    Orc (2/2) D:12            Elf (3/3) Orc:2
 Vaults: D:13-14

Altars:
Ashenzari
Cheibriados
Dithmenos
Elyvilon
Fedhas
Gozag
Hepliaklqana
Kikubaaqudgha
Makhleb
Nemelex Xobeh
Okawaru
Qazlal
Ru
Sif Muna
Trog
Uskayaw
Vehumet
Wu Jian
Xom
Yredelemnul
Zin
The Shining One

Shops:
D:5 !   D:6 (   D:9 *   Orc:1 *[%*}   Orc:2 [*(=

Portals:
Ice
Cave: D:13

Annotations:
D:4 3 runed translucent doors, Hedningen's ghost, amateur OpCj
D:6 Prince Ribbit
Lair:2 3 runed translucent doors, Hedningen's ghost, journeyman MiHu
Lair:6 2 transporters, wevryn's ghost, journeyman DEVM
Swamp:4 Lernaean hydra
Elf:1 3 runed translucent doors, Ythrec's ghost, adept OgWr


Innate Abilities, Weirdness & Mutations

You have hooves in place of feet.
You are completely covered in slimy green scales. (AC +4, rPois)
A powerful demonic guardian rushes to your aid.
When hurt, damage is shared between your health and your magic reserves.
You regenerate magic rapidly.
When low on magic, you restore magic in place of health.
You have very sharp teeth.
Your flesh is cold resistant. (rC+)
You are dopey. (Int -2)


Message History

Your Executioner hits the naga!
The naga dies!
Trog accepts your kill.
The salamander mystic points at the salamander mystic and mumbles some strange words.
The salamander mystic seems to speed up.
You block the naga's attack.
The salamander mystic casts a spell at the salamander mystic.
The salamander mystic seems to speed up.
Your Executioner hits the naga!!
The naga dies!
Trog accepts your kill. The nagaraja hits you with a +0 club.
* * * LOW HITPOINT WARNING * * *
The naga pleads, "Please don't kill me!"
The salamander mystic casts a spell at the naga warrior.
The naga warrior seems to speed up.
The nagaraja points at you and mumbles some strange words.
The poison arrow hits you!!!
You are more poisoned.
You die...

.. ..N ##N# ##
##..N# S##
#....N# N.##
.....1N##N.!##
.....))NNNS..##
.....[SN@NNSN.#
.....NNN##NS.NN#
#.....N## ##..N
##(...# . ##)ยง#
.1.# .).. N##


You could see 3 naga warriors, 6 nagarajas, a naga sharpshooter, 3 salamander
mystics, a naga ritualist, a mana viper, 2 guardian serpents, 2 black mambas, a
naga mage, 7 nagas and 2 friendly Executioners.

Vanquished Creatures
  Saint Roka (Elf:3)
  Rupert (Lair:6)
  3 deep elf blademasters
  A thorn hunter (Swamp:4)
  Roxanne (Swamp:2)
  3 deep elf sorcerers
  Aizul (Elf:3)
  3 deep elf elementalists (Elf:3)
  2 very ugly things
  3 deep elf demonologists (Elf:3)
  2 deep elf annihilators (Elf:3)
  An ettin (Orc:2)
  2 deep elf death magi (Elf:3)
  A deep elf high priest (Elf:3)
  2 ghost crabs
  Harold (Lair:1)
  11 hydras
  A centaur warrior (D:12)
  8 naga warriors
  3 anacondas
  13 alligators
  22 dancing weapons
  2 shambling mangroves (Swamp:3)
  4 death yaks
  3 two-headed ogres
  3 orc high priests
  A thrashing horror (Abyss:3)
  A shock serpent (Snake:1)
  3 naga sharpshooters
  3 spriggans
  Nergalle (Lair:1)
  9 deep elf knights
  3 wretched stars (Abyss:3)
  A glowing orange brain (Abyss:3)
  3 unseen horrors (D:12)
  2 sea snakes (Snake:2)
  10 swamp dragons
  9 deep elf archers
  6 orc knights
  4 mana vipers (Snake:1)
  A cyclops (Orc:1)
  An orc sorcerer (Orc:2)
  61 deep elf magi
  A wolf spider (Lair:6)
  2 ugly things
  A worldbinder (Abyss:3)
  2 guardian serpents
  3 salamanders
  A manticore (Lair:6)
  10 elephants
  Maurice (Orc:2)
  2 centaur zombies
  8 naga magi
  15 black mambas
  19 spiny frogs
  A centaur skeleton (D:12)
  3 rime drakes
  7 komodo dragons
  A freezing wraith (Abyss:3)
  A kobold demonologist (D:10)
  8 trolls
  A polar bear (Lair:3)
  2 queen bees
  7 tyrant leeches
  16 blink frogs
  9 hornets
  18 slime creatures
  3 dream sheep
  8 hippogriffs
  A bog body (Swamp:4)
  A fire giant simulacrum (Abyss:3)
  5 water elementals
  12 redbacks
  3 air elementals
  12 wyverns
  A wraith (D:12)
  20 yaks
  4 shadows
  2 large abominations
  3 basilisks (Lair:3)
  2 fire elementals (Elf:3)
  A human (shapeshifter) (Elf:3)
  2 hungry ghosts (D:9)
  A steam dragon (Lair:3)
  6 vampire mosquitoes
  5 wargs (Orc:2)
  14 insubstantial wisps (Swamp:1)
  15 nagas
  A neqoxec (Abyss:3)
  18 swamp worms
  An acid dragon (Lair:6)
  20 water moccasins
  33 orc warriors
  9 porcupines
  2 ice beasts
  3 sky beasts
  2 eyes of draining
  13 swamp drakes
  A phantom (D:10)
  3 black bears
  An ice dragon simulacrum (Abyss:3)
  A necrophage (D:8)
  9 ogres
  5 wolves
  5 centaurs
  10 crocodiles
  2 big kobolds (D:5)
  Blork the orc (D:5)
  13 bullfrogs
  3 earth elementals
  3 small abominations
  A wyvern skeleton (D:12)
  2 scorpions
  42 killer bees
  4 wights (D:9)
  4 electric eels
  2 bullfrog zombies
  7 howler monkeys
  2 crimson imps
  2 quasits
  11 jellies
  2 bullfrog skeletons
  24 orc wizards
  3 hounds
  16 orc priests
  An iron imp (Abyss:3)
  5 iguanas
  2 hell rats (Lair:3)
  6 worker ants
  A killer bee zombie (D:8)
  A hound skeleton (D:4)
  A howler monkey zombie (D:5)
  A worker ant zombie (D:9)
  17 gnolls
  10 adders
  9 oozes
  An adder skeleton (D:4)
  5 worms
  7 leopard geckos
  57 orcs
  7 bats
  4 giant cockroaches
  8 goblins
  13 hobgoblins
  25 jackals
  3 quokkas
  8 frilled lizards
  20 kobolds
  A leopard gecko skeleton (D:5)
  A leopard gecko zombie (D:8)
  10 rats
  2 crawling corpses (Elf:3)
  3 fungi (Orc:2)
  A plant (Lair:6)
988 creatures vanquished.

Vanquished Creatures (collateral kills)
  Jorgrun (Swamp:2)
  A tentacled starspawn (Abyss:3)
  2 deep elf master archers (Elf:3)
  An orc warlord (Orc:2)
  2 deep elf sorcerers (Elf:3)
  A very ugly thing (Abyss:3)
  2 deep elf elementalists (Elf:3)
  A deep elf demonologist (Elf:1)
  A deep elf annihilator (Elf:1)
  4 deep elf death magi (Elf:3)
  A deep elf high priest (Elf:3)
  4 naga warriors
  2 hydras
  7 dancing weapons (Elf:2)
  6 death yaks
  A two-headed ogre (Orc:2)
  A small abomination (Elf:3)
  9 deep elf knights
  Sonja (Lair:1)
  2 sea snakes (Snake:2)
  2 swamp dragons
  2 naga ritualists
  4 deep elf archers
  17 deep elf magi
  A worldbinder (Abyss:3)
  A salamander (Snake:2)
  An apocalypse crab (Abyss:3)
  2 naga magi
  13 elephants
  2 black mambas (Lair:6)
  5 spiny frogs
  A smoke demon (Abyss:3)
  2 komodo dragons
  A centaur skeleton (D:11)
  A rime drake (Lair:3)
  A hornet (Lair:6)
  A polar bear (Lair:5)
  12 blink frogs
  2 hippogriffs
  A raiju (Abyss:3)
  9 dream sheep
  A shadow (Swamp:2)
  A water elemental (Elf:2)
  16 yaks
  A fire elemental (Elf:2)
  3 vampire mosquitoes (Swamp:2)
  A neqoxec (Abyss:3)
  5 nagas
  2 water moccasins
  3 orc warriors
  An ogre (D:8)
  6 wolves
  A crocodile (Lair:6)
  A bullfrog (D:10)
  2 big kobolds
  An earth elemental (Elf:2)
  A wyvern skeleton (D:6)
  A killer bee (D:8)
  A howler monkey (D:10)
  A crimson imp (D:5)
  An orc priest (D:12)
  A hound (D:8)
  2 jellies (Lair:6)
  An orc wizard (D:7)
  A worker ant (D:9)
  2 oozes (Lair:6)
  A leopard gecko (D:6)
  6 orcs
  A giant cockroach (D:6)
  A quokka (D:4)
  3 kobolds
  2 fungi (Orc:2)
  A starspawn tentacle (Abyss:3)
203 creatures vanquished.

Vanquished Creatures (others)
  2 deep elf knights
  An orc warrior (Orc:2)
  An orc (Orc:2)
  29 fungi
  17 plants
  2 starspawn tentacles (Abyss:3)
  6 toadstools (D:5)
58 creatures vanquished.

Grand Total: 1249 creatures vanquished

Notes
Turn   | Place    | Note
-------+----------+-------------------------------------------
     0 | D:1      | Balder the Demonspawn Fighter began the quest for the Orb.
     0 | D:1      | Reached XP level 1. HP: 18/18 MP: 1/1
    46 | D:1      | Gained mutation: When hurt, damage is shared between your
                  | health and your magic reserves. [demonic ancestry]
    46 | D:1      | Reached XP level 2. HP: 13/24 MP: 2/2
   343 | D:1      | Reached skill level 2 in Maces & Flails
   703 | D:1      | Reached XP level 3. HP: 26/29 MP: 3/3
  1355 | D:2      | Reached skill level 1 in Stealth
  1476 | D:2      | Found a glowing golden altar of the Shining One.
  1486 | D:2      | Gained mutation: You have large cloven feet. [demonic
                  | ancestry]
  1486 | D:2      | Reached XP level 4. HP: 33/35 MP: 4/4
  1958 | D:3      | Found a hide-covered altar of Uskayaw.
  1966 | D:3      | Found a burning altar of Makhleb.
  2652 | D:3      | Reached skill level 1 in Dodging
  2653 | D:3      | Reached skill level 3 in Maces & Flails
  2653 | D:3      | Gained mutation: A weak demonic guardian rushes to your
                  | aid. [demonic ancestry]
  2653 | D:3      | Reached XP level 5. HP: 17/41 MP: 3/5
  2747 | D:4      | Found a runed translucent gate.
  2750 | D:4      | Found a runed translucent gate.
  2750 | D:4      | Noticed Hedningen's ghost (amateur OpCj)
  2751 | D:4      | Found a runed translucent gate.
  3071 | D:4      | Found a staircase to the Ecumenical Temple.
  3096 | Temple   | Entered the Ecumenical Temple
  3350 | Temple   | Became a worshipper of Trog the Wrathful
  3563 | D:4      | Reached XP level 6. HP: 47/47 MP: 6/6
  4051 | D:5      | Entered Level 5 of the Dungeon
  4062 | D:5      | Noticed Blork the orc
  4075 | D:5      | Killed Blork the orc
  4355 | D:5      | Found Penosiomm's Distillery.
  4375 | D:5      | Bought a potion of heal wounds for 65 gold pieces
  4483 | D:5      | Reached skill level 4 in Maces & Flails
  4485 | D:5      | Gained mutation: You are partially covered in slimy green
                  | scales. (AC +2) [demonic ancestry]
  4485 | D:5      | Reached XP level 7. HP: 49/53 MP: 4/7
  4519 | D:5      | Noticed a slime creature
  4527 | D:5      | Killed a slime creature
  4531 | D:5      | Reached * piety under Trog
  4885 | D:5      | Reached skill level 5 in Maces & Flails
  4904 | D:5      | Gained mutation: You regenerate magic rapidly. [demonic
                  | ancestry]
  4904 | D:5      | Reached XP level 8. HP: 53/60 MP: 8/8
  4914 | D:5      | Found a sacrificial altar of Ru.
  5283 | D:6      | Reached ** piety under Trog
  5293 | D:6      | Reached skill level 6 in Maces & Flails
  5735 | D:6      | Found Byxzah's Antique Weapon Emporium.
  5991 | D:6      | Noticed Prince Ribbit
  6427 | D:7      | Gained mutation: When low on magic, you restore magic in
                  | place of health. [demonic ancestry]
  6427 | D:7      | Reached XP level 9. HP: 67/67 MP: 9/9
  6511 | D:7      | Reached skill level 5 in Armour
  6641 | D:7      | Reached *** piety under Trog
  6871 | D:7      | Found a flagged portal.
  6890 | Bailey   | Entered a bailey
  6969 | Bailey   | Reached skill level 7 in Maces & Flails
  7377 | Bailey   | Reached skill level 5 in Fighting
  7377 | Bailey   | Reached skill level 5 in Shields
  7437 | Bailey   | Reached **** piety under Trog
  7920 | D:7      | Reached skill level 1 in Evocations
  8752 | D:8      | Noticed a two-headed ogre
  8765 | D:8      | Killed a two-headed ogre
  8765 | D:8      | Reached skill level 8 in Maces & Flails
  8765 | D:8      | Reached skill level 1 in Throwing
  8989 | D:8      | Noticed a two-headed ogre
  8996 | D:8      | Noticed a queen bee
  9109 | D:8      | Killed a queen bee
  9109 | D:8      | Gained mutation: You have hoof-like feet. [demonic
                  | ancestry]
  9109 | D:8      | Reached XP level 10. HP: 45/76 MP: 7/11
  9499 | D:8      | Killed a two-headed ogre
  9700 | D:9      | Reached skill level 5 in Stealth
  9755 | D:9      | Found a staircase to the Lair.
  9800 | D:9      | Found an iron altar of Okawaru.
  9819 | D:9      | Reached ***** piety under Trog
 10087 | D:9      | Found a sparkling altar of Nemelex Xobeh.
 10208 | D:9      | Found Qylul's Assorted Antiques.
 10234 | D:9      | Bought a scroll of enchant weapon for 165 gold pieces
 10236 | D:9      | Identified a scroll of acquirement
 10359 | D:9      | Found a radiant altar of Vehumet.
 10436 | D:10     | Entered Level 10 of the Dungeon
 10811 | D:10     | Reached skill level 9 in Maces & Flails
 10999 | D:10     | Reached skill level 1 in Short Blades
 11376 | D:11     | Noticed a purple ugly thing
 11391 | D:11     | Killed a purple ugly thing
 11391 | D:11     | Reached XP level 11. HP: 83/83 MP: 11/13
 11514 | D:11     | Found a gate leading to a gauntlet.
 12086 | Lair:1   | Entered Level 1 of the Lair of Beasts
 12099 | Lair:1   | Noticed Nergalle
 12119 | Lair:1   | Killed Nergalle
 12141 | Lair:1   | Reached skill level 5 in Dodging
 12158 | Lair:1   | Received a gift from Trog
 12169 | Lair:1   | Noticed Harold
 12185 | Lair:1   | Killed Harold
 12441 | Lair:1   | Noticed Sonja
 12470 | Lair:1   | Reached skill level 10 in Maces & Flails
 12470 | Lair:1   | Reached skill level 5 in Evocations
 12476 | Lair:1   | Killed Sonja
 13128 | Lair:2   | Noticed an ice dragon
 13130 | Lair:2   | Noticed Hedningen's ghost (journeyman MiHu)
 13182 | Lair:2   | Found a staircase to the Swamp.
 13234 | Lair:2   | Gained mutation: A demonic guardian rushes to your aid.
                  | [demonic ancestry]
 13234 | Lair:2   | Reached XP level 12. HP: 82/91 MP: 13/16
 13435 | Lair:2   | Found a runed translucent gate.
 13436 | Lair:2   | Found a runed translucent gate.
 13437 | Lair:2   | Found a runed translucent gate.
 13582 | Lair:2   | Noticed a six-headed hydra
 13587 | Lair:2   | Killed a six-headed hydra
 13706 | Lair:2   | Found a staircase to the Snake Pit.
 14405 | Lair:3   | Received a gift from Trog
 14594 | Lair:3   | Got a crystal bardiche
 14812 | Lair:3   | Identified the +10 bardiche of Nuumaarph {drain, Dex+4}
                  | (You found it on level 3 of the Lair of Beasts)
 15331 | Lair:4   | Reached skill level 1 in Polearms
 15751 | Lair:4   | Reached XP level 13. HP: 99/99 MP: 17/17
 15931 | Lair:4   | Reached skill level 5 in Short Blades
 17302 | Lair:6   | Entered Level 6 of the Lair of Beasts
 17329 | Lair:6   | Reached skill level 11 in Maces & Flails
 17331 | Lair:6   | Received a gift from Trog
 17659 | Lair:6   | Noticed Rupert
 17682 | Lair:6   | Killed Rupert
 17814 | Lair:6   | Reached XP level 14. HP: 104/108 MP: 19/19
 17818 | Lair:6   | Reached skill level 5 in Throwing
 18032 | Lair:6   | Paralysed by a hornet for 1 turns
 18163 | Lair:6   | Found a staircase to the Slime Pits.
 18363 | Lair:6   | Received a gift from Trog
 18441 | Lair:6   | Found a transporter.
 18448 | Lair:6   | Found a transporter.
 18449 | Lair:6   | Found a bloodstained altar of Trog.
 18449 | Lair:6   | Identified the cursed +1 spear of Equilibrium {flame, rPois
                  | rN+}
 18449 | Lair:6   | Noticed wevryn's ghost (journeyman DEVM)
 19452 | D:12     | Found a staircase to the Orcish Mines.
 20545 | Orc:1    | Entered Level 1 of the Orcish Mines
 20545 | Orc:1    | Found Xenenk's General Store.
 20701 | Orc:1    | Reached skill level 10 in Fighting
 20715 | Orc:1    | Found Geronox's Food Emporium.
 20722 | Orc:1    | Found a burning altar of Makhleb.
 20725 | Orc:1    | Found Vavant's Antique Armour Boutique.
 20766 | Orc:1    | Bought a bloodstained chain mail for 247 gold pieces
 20766 | Orc:1    | Bought a glowing scarf for 208 gold pieces
 20766 | Orc:1    | Bought a bloodstained cloak for 247 gold pieces
 20797 | Orc:1    | Identified the +4 cloak of Wiahed {*Drain rC+ MP+9 Str+7}
                  | (You bought it in a shop on level 1 of the Orcish Mines)
 20806 | Orc:1    | Received a gift from Trog
 20828 | Orc:1    | Identified the cursed +1 chain mail of Cilehiho {-Tele
                  | Int+4 Dex+4} (You bought it in a shop on level 1 of the
                  | Orcish Mines)
 21048 | Orc:1    | Found Omesaeru's Assorted Antiques.
 21214 | Orc:2    | Entered Level 2 of the Orcish Mines
 21282 | Orc:2    | Noticed an orc warlord
 21323 | Orc:2    | Killed an orc warlord
 21580 | Orc:2    | Found Guhifuir's Antique Weapon Shop.
 21745 | Orc:2    | Noticed Maurice
 21774 | Orc:2    | Killed Maurice
 21964 | Orc:2    | Found Iraiklai's Jewellery Boutique.
 21987 | Orc:2    | Upgraded the game from 0.24-a0-521-g122614b to
                  | 0.24-a0-524-gf43b32f
 22035 | Orc:2    | Found a staircase to the Elven Halls.
 22144 | Orc:2    | Found Deonora's General Store.
 22158 | Orc:2    | Bought 19 stones for 24 gold pieces
 22369 | Orc:2    | Found Seuheuqe's Antique Armour Shoppe.
 22731 | Orc:2    | Bought a pitted plate armour for 1008 gold pieces
 22745 | Orc:2    | Identified the +5 plate armour of the Trombone {rF+ Int+3}
                  | (You bought it in a shop on level 2 of the Orcish Mines)
 22890 | D:13     | Found a frozen archway.
 22897 | D:12     | Gained mutation: You are mostly covered in slimy green
                  | scales. (AC +3) [demonic ancestry]
 22897 | D:12     | Reached XP level 15. HP: 115/115 MP: 21/21
 23452 | Elf:1    | Entered Level 1 of the Elven Halls
 23611 | Elf:1    | Reached skill level 1 in Slings
 23847 | Elf:1    | Received a gift from Trog
 23948 | Elf:1    | Found a runed translucent gate.
 23948 | Elf:1    | Found a runed translucent gate.
 23948 | Elf:1    | Noticed a fire giant
 23949 | Elf:1    | Found a runed translucent gate.
 23950 | Elf:1    | Noticed Ythrec's ghost (adept OgWr)
 23953 | Elf:1    | Found the +7 great mace "Firestarter" {inner flame, rF++}
 23957 | Elf:1    | Found an iron altar of Okawaru.
 24190 | Elf:1    | Received a gift from Trog
 24689 | Elf:1    | Reached skill level 12 in Maces & Flails
 24768 | Elf:1    | Received a gift from Trog
 24797 | Elf:1    | Noticed a deep elf sorcerer
 24812 | Elf:1    | Noticed a deep elf sorcerer
 24813 | Elf:1    | Cast into level 3 of the Abyss (a deep elf sorcerer)
 24875 | Abyss:3  | Noticed a tentacled starspawn
 24887 | Abyss:3  | Killed a tentacled starspawn
 24974 | Abyss:3  | Got a crude lead ring
 24975 | Abyss:3  | Identified the ring "Vaseiq" {Fire rElec Str+4} (You
                  | acquired it on level 3 of the Abyss)
 25020 | Abyss:3  | Gained mutation: You do not regenerate when monsters are
                  | visible. [a neqoxec]
 25039 | Abyss:3  | Paralysed by you for 5 turns
 25162 | Elf:1    | Escaped the Abyss
 25168 | Elf:1    | Killed a deep elf sorcerer
 25177 | Elf:1    | Killed a deep elf sorcerer
 25612 | Elf:1    | Received a gift from Trog
 25767 | Elf:2    | Gained mutation: A powerful demonic guardian rushes to your
                  | aid. [demonic ancestry]
 25767 | Elf:2    | Reached XP level 16. HP: 84/125 MP: 22/22
 26125 | Elf:2    | Found a runed translucent gate.
 26125 | Elf:2    | Found a runed translucent gate.
 26127 | Elf:2    | Found a runed translucent gate.
 35275 | Elf:2    | Received a gift from Trog
 35284 | Elf:2    | Reached skill level 10 in Stealth
 35534 | Elf:3    | Entered Level 3 of the Elven Halls
 35765 | Elf:3    | Received a gift from Trog
 35944 | Elf:3    | Noticed Aizul
 35971 | Elf:3    | Killed Aizul
 36246 | Elf:3    | Identified the +3 glaive of the Silent Majority {pain,
                  | *Contam Int+3}
 36358 | Elf:3    | Noticed a Brimstone Fiend
 36547 | Elf:3    | Identified the Almanac of Battle Magic
 36651 | Elf:3    | Received a gift from Trog
 36889 | Elf:3    | Reached skill level 10 in Shields
 36999 | Elf:3    | Reached skill level 13 in Maces & Flails
 37005 | Elf:3    | Noticed a deep elf master archer
 37005 | Elf:3    | Noticed a deep elf blademaster
 37009 | Elf:3    | Killed a deep elf master archer
 37026 | Elf:3    | Reached skill level 10 in Evocations
 37028 | Elf:3    | Killed a deep elf blademaster
 37030 | Elf:3    | Received a gift from Trog
 37034 | Elf:3    | Identified the cursed +0 ring mail of Peateoss {rF+ MR+
                  | Dex-2}
 37061 | Elf:3    | Gained mutation: You have hooves in place of feet. [demonic
                  | ancestry]
 37061 | Elf:3    | Reached XP level 17. HP: 114/133 MP: 24/24
 37089 | Elf:3    | Lost mutation: You do not regenerate when monsters are
                  | visible. [potion of mutation]
 37089 | Elf:3    | Gained mutation: You are completely covered in slimy green
                  | scales. (AC +4, rPois) [potion of mutation]
 37089 | Elf:3    | Gained mutation: You have very sharp teeth. [potion of
                  | mutation]
 37089 | Elf:3    | Gained mutation: You are dopey. (Int -2) [potion of
                  | mutation]
 37089 | Elf:3    | Gained mutation: Your flesh is cold resistant. (rC+)
                  | [potion of mutation]
 37316 | Elf:3    | Got a faintly glowing scale mail
 37327 | Elf:3    | Identified the cursed +1 scale mail of the Gardener {Str+3
                  | Int+3} (You found it on level 3 of the Elven Halls)
 37394 | Elf:3    | Identified the +3 arbalest of Qazlal's Regard {flame, rPois
                  | rF+ rN+ MR+}
 37394 | Elf:3    | Noticed a deep elf blademaster
 37403 | Elf:3    | Killed a deep elf blademaster
 37409 | Elf:3    | Killed a ghostly deep elf blademaster
 37409 | Elf:3    | Received a gift from Trog
 37411 | Elf:3    | Noticed a deep elf master archer
 37411 | Elf:3    | Noticed Saint Roka
 37418 | Elf:3    | Killed a deep elf master archer
 37448 | Elf:3    | Killed Saint Roka
 37894 | Elf:2    | Noticed a deep elf blademaster
 37903 | Elf:2    | Killed a deep elf blademaster
 37903 | Elf:2    | Reached skill level 10 in Dodging
 38734 | Orc:1    | Found Coiro Fuifa's Gadget Emporium.
 38820 | Orc:1    | Bought a wand of disintegration (8) for 144 gold pieces
 38942 | D:9      | Found a glowing silver altar of Zin.
 39089 | Swamp:1  | Entered Level 1 of the Swamp
 39102 | Swamp:1  | Received a gift from Trog
 39391 | Swamp:1  | Received a gift from Trog
 40002 | Swamp:2  | Noticed Roxanne
 40042 | Swamp:2  | Killed Roxanne
 40229 | Swamp:2  | Noticed Jorgrun
 40253 | Swamp:2  | Killed Jorgrun
 40761 | Swamp:3  | Received a gift from Trog
 41227 | Swamp:4  | Entered Level 4 of the Swamp
 41336 | Swamp:4  | Reached XP level 18. HP: 132/141 MP: 26/26
 41633 | Swamp:4  | Received a gift from Trog
 41636 | Swamp:4  | Noticed the 27-headed Lernaean hydra
 41888 | Swamp:4  | Got a decaying rune of Zot
 42159 | Snake:1  | Entered Level 1 of the Snake Pit
 42557 | Snake:1  | Got a brightly glowing bone amulet
 42588 | Snake:1  | Identified the amulet "Jiprite" {Faith rC+ Dex+4} (You
                  | found it on level 1 of the Snake Pit)
 43473 | Snake:2  | Reached skill level 10 in Armour
 44120 | Snake:3  | Reached skill level 14 in Maces & Flails
 44320 | Snake:3  | Received a gift from Trog
 44720 | Snake:4  | Entered Level 4 of the Snake Pit
 44745 | Snake:4  | Killed from afar by a nagaraja

Levels and vault maps discovered:
D:1:      minmay_arrival_diagonal_passages, layout_basic
D:2:      layout_rooms, lemuel_doored_altar
D:3:      layout_basic, grunt_temple_overflow_open, minmay_misc_feat_ornament
D:4:      layout_gridville, minmay_temple_entry_large_hall,
          gammafunk_ghost_split
D:5:      cheibrodos_fertilizer, layout_loops_cross, hangedman_ru_absence,
          first_ration, serial_shops, shop, uniq_crazy_yiuf_cottage,
          uniq_blork_the_orc
D:6:      layout_loops_ring, serial_shops, shop, grunt_ministairs_2,
          uniq_prince_ribbit1
D:7:      layout_basic, enter_bailey_3
D:8:      layout_basic, david_nohive_1, serial_bayou_pond_e, serial_park_tiny_1
D:9:      layout_basic, okawaru_metal_pillars_1_2,
          nicolae_overflow_hidden_temple, lair_entry_dummy, serial_shops,
          nicolae_shop_overgrown_old_shop, minmay_lizard_king
D:10:     layout_cave_pools, serial_bayou_ford_a
D:11:     layout_roguey, serial_glass, glass_columns_a, glass_columns_a,
          gauntlet_entry_generic
D:12:     layout_basic, drop_trap
D:13:     layout_basic, ximxim_vaults_locker_room, portal_ice_cave_entry_imps
Temple:   dpeg_chambers_temple
Lair:1:   layout_hall_layers, uniq_harold, uniq_sonja, uniq_nergalle
Lair:2:   layout_long_grid, swamp_mist, dummy_snake_entry, gammafunk_ghost_icy,
          serial_bayou_lake_a
Lair:3:   regret_index_combs_of_tragedy, layout_chaotic_city
Lair:4:   layout_regular_city, grunt_megastairs_4
Lair:5:   layout_misc_corridors, infiniplex_staircase_pool
Lair:6:   hangedman_lair_tendril_chambers, layout_misc_corridors,
          guppyfry_lair_end_dragon, nicolae_slime_entry_slimehenge,
          gammafunk_ghost_wrathful_warriors, uniq_rupert
Swamp:1:  layout_basic_swamp, evilmike_swamp_ruin_rubble_1
Swamp:2:  layout_basic_swamp, evilmike_swamp_ruin_house_4, uniq_jorgrun,
          uniq_roxanne
Swamp:3:  layout_falls_marsh, evilmike_swamp_ruin_house_1
Swamp:4:  swamp_old_school, layout_basic_swamp
Snake:1:  nicolae_snake_hallway, layout_grid_shapes
Snake:2:  layout_gridlike, grunt_ministairs_7, minmay_shop_grove,
          serial_bayou_shore_a
Snake:3:  layout_grid_maze
Snake:4:  johnstein_snake_rune_scales, layout_cave_town, uniq_donald
Orc:1:    layout_caves, enter_volcano_4, serial_shops, nicolae_shop_waterfront,
          shop, nicolae_shop_overgrown_old_shop, shop_fountains,
          nicolae_shop_behind_doors, bloody_makhleb
Orc:2:    grunt_orc_gardens, layout_diamond_mine, grunt_orc_garden,
          grunt_orc_garden, grunt_orc_garden, grunt_orc_garden, uniq_maurice
Elf:1:    eino_elf_arrival_customs, layout_gridlike,
          gammafunk_ghost_fury_of_okawaru, hangedman_elf_represent
Elf:2:    layout_loops_corners, minivault_28
Elf:3:    elf_hall_gauntlet_wide, layout_geoelf_diagonals,
          minmay_elf_annihilation, uniq_saint_roka, uniq_aizul

Skill      XL: |  1  2  3  4  5  6  7  8  9 10 11 12 13 14 15 16 17 18 |
---------------+-------------------------------------------------------+-----
Armour         | 3 4 5 6 7 8 9 10 | 10.1
Maces & Flails | 2 3 4 5 6 8 9 10 11 12 13 14 | 14.0
Shields        | 3 4 5 6 7 8 9 10 11 | 11.5
Stealth        | 1 2 3 4 5 6 7 8 9 10 11 | 11.6
Dodging        | 1 2 3 4 5 6 7 8 9 10 11 | 11.3
Fighting       | 4 5 6 7 8 9 10 11 12 | 12.8
Evocations     | 2 3 5 6 7 8 9 10 11 | 11.2
Throwing       | 1 2 3 4 6 7 8 9 |  9.5
Short Blades   | 1 3 4 5 6 7 |  7.2
Polearms       | 1 3 4 |  4.1
Slings         | 1 2 |  2.2
Long Blades    | |  0.2
Axes           | |  0.4

Action                   |  1- 3 |  4- 6 |  7- 9 | 10-12 | 13-15 | 16-18 || total
-------------------------+-------+-------+-------+-------+-------+-------++-------
Melee: Flail             |   155 |    85 |       |       |       |       ||   240
       Kick              |       |    49 |    73 |   194 |   441 |   477 ||  1234
       Morningstar       |       |    85 |   329 |   576 |   944 |   687 ||  2621
       Eveningstar       |       |       |       |     1 |    63 |   329 ||   393
       Bardiche          |       |       |       |     8 |       |       ||     8
       Broad axe         |       |       |       |       |    26 |       ||    26
       Bite              |       |       |       |       |       |   113 ||   113
       Quick blade       |       |       |       |       |       |     7 ||     7
 Fire: Fustibalus        |       |       |       |       |    37 |    19 ||    56
Throw: Boomerang         |       |       |     7 |       |       |       ||     7
       Dart              |       |       |    44 |    25 |    67 |    37 ||   173
Invok: Trog's Hand       |       |       |     2 |     3 |     9 |    12 ||    26
       Brothers in Arms  |       |       |       |     1 |     1 |     1 ||     3
Evoke: Wand              |       |       |    13 |     5 |    34 |    36 ||    88
       Fan of gales      |       |       |       |       |       |     1 ||     1
  Use: Potion            |       |     1 |     3 |     3 |     7 |    13 ||    27
       Scroll            |       |     3 |     9 |    19 |    14 |    19 ||    64
 Stab: Distracted        |       |     1 |       |     2 |     5 |     2 ||    10
       Paralysed         |       |       |       |     4 |       |       ||     4
       Confused          |       |       |       |       |       |     4 ||     4
  Eat: Chunk             |     2 |    10 |    11 |    10 |     4 |     2 ||    39
       Ration            |       |       |     1 |     5 |    10 |    19 ||    35
Armor: Scale mail        |    65 |     1 |       |       |       |       ||    66
       Plate armour      |       |   105 |   221 |    23 |   167 |   376 ||   892
       Chain mail        |       |     3 |       |   295 |   244 |       ||   542
Dodge: Dodged            |    59 |    17 |    90 |   194 |   245 |   242 ||   847
Block: Shield            |    82 |    76 |   245 |   166 |       |       ||   569
       Large shield      |       |    11 |       |   314 |   805 |  1220 ||  2350

Table legend:
 A = Non-vault XP
 B = Vault XP
 C = Vault XP percentage of total XP
 D = Non-vault monster count
 E = Vault monster count
 F = Vault count percentage of total count
                 A         B        C        D         E       F
            +---------+---------+-------+---------+---------+-------
      Total |  218906 |  124562 |  36.3 |     843 |     342 |  28.9
            +---------+---------+-------+---------+---------+-------
        D:1 |      57 |       0 |   0.0 |      31 |       0 |   0.0
        D:2 |      42 |       0 |   0.0 |      15 |       0 |   0.0
        D:3 |     171 |       0 |   0.0 |      24 |       0 |   0.0
        D:4 |     231 |       0 |   0.0 |      14 |       0 |   0.0
        D:5 |     180 |     768 |  81.0 |      18 |      18 |  50.0
        D:6 |    1238 |      26 |   2.1 |      33 |       1 |   2.9
        D:7 |     417 |       8 |   1.9 |      14 |       4 |  22.2
        D:8 |    2747 |     980 |  26.3 |      27 |      13 |  32.5
        D:9 |    1653 |     155 |   8.6 |      31 |       7 |  18.4
       D:10 |    1415 |       0 |   0.0 |      13 |       0 |   0.0
       D:11 |    2265 |       0 |   0.0 |      19 |       0 |   0.0
       D:12 |   11826 |       0 |   0.0 |      60 |       0 |   0.0
     Lair:1 |    6022 |    2365 |  28.2 |      30 |       3 |   9.1
     Lair:2 |    3575 |       0 |   0.0 |      18 |       0 |   0.0
     Lair:3 |    3011 |    5232 |  63.5 |      13 |      45 |  77.6
     Lair:4 |   11949 |       0 |   0.0 |      43 |       0 |   0.0
     Lair:5 |    7525 |       0 |   0.0 |      34 |       0 |   0.0
     Lair:6 |   12270 |   12463 |  50.4 |      43 |      52 |  54.7
    Swamp:1 |   12309 |       0 |   0.0 |      35 |       0 |   0.0
    Swamp:2 |    9538 |    3374 |  26.1 |      23 |       2 |   8.0
    Swamp:3 |   13679 |       0 |   0.0 |      35 |       0 |   0.0
    Swamp:4 |   11347 |    9852 |  46.5 |      25 |      17 |  40.5
    Snake:1 |    9281 |    5726 |  38.2 |      14 |      16 |  53.3
    Snake:2 |    8512 |     403 |   4.5 |      18 |       1 |   5.3
    Snake:3 |    7779 |       0 |   0.0 |      14 |       0 |   0.0
    Snake:4 |     268 |    2204 |  89.2 |       1 |       8 |  88.9
      Orc:1 |    4027 |       0 |   0.0 |      37 |       0 |   0.0
      Orc:2 |    4541 |    7899 |  63.5 |      26 |      28 |  51.9
      Elf:1 |   24762 |    7543 |  23.3 |      43 |      13 |  23.2
      Elf:2 |   12354 |   25984 |  67.8 |      28 |      43 |  60.6
      Elf:3 |   22224 |   39234 |  63.8 |      41 |      37 |  47.4
    Abyss:3 |   11691 |       0 |   0.0 |      23 |       0 |   0.0
     Bailey |       0 |     346 | 100.0 |       0 |      34 | 100.0
            +---------+---------+-------+---------+---------+-------
